MLB
OAKLAND ATHLETICS @ TORONTO BLUE JAYS
03/18/2020
 
TOP OF THE 1ST
Oakland Athletics batting - Pitching for Toronto Blue Jays : RHP Deivi Garcia
Pitching: RHP Deivi Garcia
Batting: LHB Brock Holt 0-0: Called Strike
0-1: Ball
1-1: Ball
2-1: Swinging Strike
2-2: Ball
3-2: Strikes out looking
Batting: LHB Mike Tauchman 0-0: Ball
1-0: Called Strike
1-1: Called Strike
1-2: Fly out, F7 (Flyball, 7LM, EV 89.4 MPH)
Batting: LHB Joey Votto 0-0: Called Strike
0-1: Swinging Strike
0-2: Ball
1-2: Ball
2-2: Ball
3-2: Strikes out swinging
Top of the 1st over - 0 runs, 0 hits, 0 errors, 0 left on base; Oakland 0 - Toronto 0
BOTTOM OF THE 1ST
Toronto Blue Jays batting - Pitching for Oakland Athletics : RHP Chad Kuhl
Pitching: RHP Chad Kuhl
Batting: LHB Dee Gordon 0-0: Ground out U3 (Groundball, 3L, EV 106.3 MPH)
Batting: LHB Donovan Walton 0-0: Ball
1-0: Ball
2-0: DOUBLE (Flyball, 8LXD, EV 94.4 MPH)
Batting: RHB Kris Bryant 0-0: Ball
1-0: Called Strike
1-1: Ball
2-1: Ball
3-1: Fly out, F8 (Flyball, 8LS, EV 86.3 MPH)
Batting: SHB Josh Bell 0-0: Ball
1-0: Ball
2-0: Called Strike
2-1: Foul Ball, location: 2F
2-2: Foul Ball, location: 2F
2-2: Ball
3-2: Base on Balls
Batting: RHB Robinson Chirinos 0-0: Fielders Choice at 2nd, 6-4 (Groundball, 6, EV 82.5 MPH)
Bottom of the 1st over - 0 runs, 1 hit, 0 errors, 2 left on base; Oakland 0 - Toronto 0
TOP OF THE 2ND
Oakland Athletics batting - Pitching for Toronto Blue Jays : RHP Deivi Garcia
Batting: RHB Luke Voit 0-0: Called Strike
0-1: Ball
1-1: Ball
2-1: Fly out, F8 (Flyball, 78D, EV 81.3 MPH)
Batting: RHB Nick Castellanos 0-0: Ball
1-0: Ball
2-0: Ball
3-0: Base on Balls
Batting: RHB Ramon Laureano 0-0: Ball
Wild Pitch!
Nick Castellanos to second
1-0: Ball
2-0: Swinging Strike
2-1: Swinging Strike
2-2: Strikes out looking
Batting: RHB Yandy Diaz 0-0: Called Strike
0-1: Ball
1-1: SINGLE (Groundball, 34D, EV 105.0 MPH)
Nick Castellanos to third
Runner from 3rd tries for Home, SAFE, throw by RF to home
Batting: RHB Kurt Suzuki 0-0: Ball
1-0: SINGLE (Line Drive, 9S, EV 98.8 MPH)
Yandy Diaz to second
Batting: SHB Freddy Galvis 0-0: Ball
1-0: Ball
2-0: Foul Ball, location: 2F
2-1: Swinging Strike
2-2: Strikes out looking
Top of the 2nd over - 1 run, 2 hits, 0 errors, 2 left on base; Oakland 1 - Toronto 0
BOTTOM OF THE 2ND
Toronto Blue Jays batting - Pitching for Oakland Athletics : RHP Chad Kuhl
Batting: RHB Aledmys Diaz 0-0: Ball
1-0: Foul Ball, location: 2F
1-1: Ball
2-1: Ground out 6-3 (Groundball, 6, EV 88.1 MPH)
Batting: LHB Jake Bauers 0-0: Ball
1-0: Foul Ball, location: 2F
1-1: DOUBLE (Line Drive, 9LM, EV 91.3 MPH)
Batting: LHB Jarred Kelenic 0-0: Ball
1-0: Called Strike
1-1: Called Strike
1-2: Ball
2-2: Foul Ball, location: 2F
2-2: Ball
3-2: DOUBLE (Line Drive, 89D, EV 105.0 MPH)
Jake Bauers scores
Batting: RHB Yusniel Diaz 0-0: Ball
1-0: Ball
2-0: Ball
3-0: Base on Balls
Batting: LHB Dee Gordon 0-0: Ball
1-0: Called Strike
1-1: Swinging Strike
1-2: Ball
2-2: Ball
3-2: SINGLE (Line Drive, 6MD, EV 96.9 MPH)
Jarred Kelenic to third
Yusniel Diaz to second
Batting: LHB Donovan Walton 0-0: Ball
1-0: SINGLE (Groundball, 4MD, EV 105.0 MPH)
Jarred Kelenic scores
Yusniel Diaz to third
Dee Gordon to second
Batting: RHB Kris Bryant 0-0: Called Strike
0-1: Ball
1-1: Grounds into double play, 5-4-3 (Groundball, 5, EV 87.5 MPH)
Bottom of the 2nd over - 2 runs, 4 hits, 0 errors, 2 left on base; Oakland 1 - Toronto 2
TOP OF THE 3RD
Oakland Athletics batting - Pitching for Toronto Blue Jays : RHP Deivi Garcia
Batting: LHB Brock Holt 0-0: Ball
1-0: Called Strike
1-1: Called Strike
1-2: Ball
2-2: Strikes out looking
Batting: LHB Mike Tauchman 0-0: DOUBLE (Groundball, 5L, EV 93.8 MPH)
Batting: LHB Joey Votto 0-0: Called Strike
0-1: Foul Ball, location: 2F
0-2: Ball
1-2: Foul Ball, location: 2F
1-2: Fly out, F8 (Flyball, 78XD, EV 93.1 MPH)
Runner from 2nd tags up, SAFE at 3rd, no throw by CF
Batting: RHB Luke Voit 0-0: Ball
1-0: Called Strike
1-1: Ball
2-1: DOUBLE (Line Drive, 9LS, EV 100.6 MPH)
Mike Tauchman scores
Batting: RHB Nick Castellanos 0-0: Foul Ball, location: 2F
0-1: Ground out 6-3 (Groundball, 6, EV 100.0 MPH)
Top of the 3rd over - 1 run, 2 hits, 0 errors, 1 left on base; Oakland 2 - Toronto 2
BOTTOM OF THE 3RD
Toronto Blue Jays batting - Pitching for Oakland Athletics : RHP Chad Kuhl
Batting: SHB Josh Bell 0-0: Ball
1-0: Swinging Strike
1-1: Foul Ball, location: 2F
1-2: Foul Ball, location: 2F
1-2: SOLO HOME RUN (Flyball, 89XD, EV 106.3 MPH), Distance : 448 ft
Batting: RHB Robinson Chirinos 0-0: Foul Ball, location: 2F
0-1: Ball
1-1: Fly out, F5 (Popup, 5S, EV 77.5 MPH)
Batting: RHB Aledmys Diaz 0-0: Ball
1-0: SINGLE (Groundball, 6MD, EV 96.9 MPH)
Batting: LHB Jake Bauers 0-0: Called Strike
0-1: Ball
1-1: Fly out, F7 (Line Drive, 7, EV 91.3 MPH)
Batting: LHB Jarred Kelenic 0-0: Called Strike
0-1: Called Strike
0-2: SINGLE (Flyball, 8LS, EV 90.0 MPH)
Aledmys Diaz to second
Batting: RHB Yusniel Diaz 0-0: Called Strike
0-1: Ground out U3 (Groundball, 34, EV 87.5 MPH)
Bottom of the 3rd over - 1 run, 3 hits, 0 errors, 2 left on base; Oakland 2 - Toronto 3
TOP OF THE 4TH
Oakland Athletics batting - Pitching for Toronto Blue Jays : RHP Deivi Garcia
Batting: RHB Ramon Laureano 0-0: Ball
1-0: Foul Ball, location: 2F
1-1: Foul Ball, location: 2F
1-2: Foul Ball, location: 2F
1-2: Ground out 6-3 (Groundball, 6, EV 106.3 MPH)
Batting: RHB Yandy Diaz 0-0: Ball
1-0: Swinging Strike
1-1: Called Strike
1-2: Ball
2-2: Ball
3-2: Foul Ball, location: 2F
3-2: Foul Ball, location: 2F
3-2: Strikes out swinging
Batting: RHB Kurt Suzuki 0-0: Ball
1-0: Called Strike
1-1: Ball
2-1: Ball
3-1: Called Strike
3-2: Base on Balls
Batting: SHB Freddy Galvis 0-0: Ground out 4-3 (Groundball, 4, EV 108.8 MPH)
Top of the 4th over - 0 runs, 0 hits, 0 errors, 1 left on base; Oakland 2 - Toronto 3
BOTTOM OF THE 4TH
Toronto Blue Jays batting - Pitching for Oakland Athletics : RHP Chad Kuhl
Batting: LHB Dee Gordon 0-0: Called Strike
0-1: Ball
1-1: Called Strike
1-2: Ball
2-2: Ground out 4-3 (Groundball, 4, EV 108.1 MPH)
Batting: LHB Donovan Walton 0-0: Ground out 3-1 (Groundball, 34, EV 81.9 MPH)
Batting: RHB Kris Bryant 0-0: Called Strike
0-1: Foul Ball, location: 2F
0-2: Ball
1-2: Reached on error, E6 (Groundball, 6S, EV 70.0 MPH)
Batting: SHB Josh Bell 0-0: Ball
1-0: Foul Ball, location: 2F
1-1: Ball
2-1: Foul Ball, location: 2F
2-2: Ball
3-2: DOUBLE (Line Drive, 78D, EV 106.9 MPH)
Kris Bryant to third
Kris Bryant scores
Batting: RHB Robinson Chirinos 0-0: SINGLE (Line Drive, 6D, EV 98.1 MPH)
Josh Bell to third
Runner from 3rd tries for Home, SAFE, throw by CF to home
Pitching: LHP Aaron Bummer
Batting: RHB Aledmys Diaz 0-0: Foul Ball, location: 2F
0-1: Ball
1-1: Fly out, F5 (Popup, 5SF, EV 66.9 MPH)
Bottom of the 4th over - 2 runs, 2 hits, 1 error, 1 left on base; Oakland 2 - Toronto 5
TOP OF THE 5TH
Oakland Athletics batting - Pitching for Toronto Blue Jays : RHP Deivi Garcia
Pitching: RHP Chi Chi Gonzalez
Batting: LHB Brock Holt 0-0: Called Strike
0-1: Ball
1-1: Foul Ball, location: 2F
1-2: Strikes out swinging
Batting: LHB Mike Tauchman 0-0: Ball
1-0: Fly out, F7 (Flyball, 7LM, EV 86.9 MPH)
Batting: LHB Joey Votto 0-0: Called Strike
0-1: Ball
1-1: Ball
2-1: Ball
3-1: Base on Balls
Batting: RHB Luke Voit 0-0: Ball
1-0: Ball
2-0: Swinging Strike
2-1: Foul Ball, location: 2F
2-2: Fielders Choice at 2nd, 6-4 (Groundball, 6, EV 91.9 MPH)
Top of the 5th over - 0 runs, 0 hits, 0 errors, 1 left on base; Oakland 2 - Toronto 5
BOTTOM OF THE 5TH
Toronto Blue Jays batting - Pitching for Oakland Athletics : LHP Aaron Bummer
Batting: LHB Jake Bauers 0-0: Ball
1-0: Ball
2-0: Ball
3-0: Called Strike
3-1: SINGLE (Groundball, 34D, EV 106.9 MPH)
Batting: LHB Jarred Kelenic 0-0: Ball
1-0: DOUBLE (Line Drive, 9LM, EV 100.6 MPH)
Jake Bauers to third
Batting: RHB Yusniel Diaz 0-0: Called Strike
0-1: Foul Ball, location: 2F
0-2: Foul Ball, location: 2F
0-2: Ball
1-2: Ball
2-2: Strikes out swinging
Pinch Hitting: RHB Andy Ibanez 0-0: Ball
1-0: Ground out 6-3 (Groundball, 6, EV 84.4 MPH)
Jake Bauers scores
Jarred Kelenic to third
Pinch Hitting: RHB Calten Daal 0-0: Called Strike
0-1: Foul Ball, location: 2F
0-2: Strikes out swinging
Bottom of the 5th over - 1 run, 2 hits, 0 errors, 1 left on base; Oakland 2 - Toronto 6
TOP OF THE 6TH
Oakland Athletics batting - Pitching for Toronto Blue Jays : RHP Chi Chi Gonzalez
Now at 2B: Andy Ibanez
Now at SS: Calten Daal
Batting: RHB Nick Castellanos 0-0: Called Strike
0-1: Ball
1-1: Fly out, F8 (Flyball, 8RXD, EV 97.5 MPH)
Batting: RHB Ramon Laureano 0-0: Foul Ball, location: 2F
0-1: Ball
1-1: Foul Ball, location: 2F
1-2: Ground out 4-3 (Groundball, 34, EV 92.5 MPH)
Batting: RHB Yandy Diaz 0-0: Fly out, F8 (Flyball, 8LD, EV 101.3 MPH)
Top of the 6th over - 0 runs, 0 hits, 0 errors, 0 left on base; Oakland 2 - Toronto 6
BOTTOM OF THE 6TH
Toronto Blue Jays batting - Pitching for Oakland Athletics : LHP Aaron Bummer
Pinch Hitting: RHB Danny Mendick 0-0: Ball
1-0: Ground out 5-3 (Groundball, 5S, EV 67.5 MPH)
Pinch Hitting: RHB Enrique Hernandez 0-0: Called Strike
0-1: Ball
1-1: Ground out 6-3 (Groundball, 6, EV 106.3 MPH)
Batting: RHB Robinson Chirinos 0-0: Ball
1-0: Ball
2-0: Called Strike
2-1: Swinging Strike
2-2: Strikes out swinging
Bottom of the 6th over - 0 runs, 0 hits, 0 errors, 0 left on base; Oakland 2 - Toronto 6
TOP OF THE 7TH
Oakland Athletics batting - Pitching for Toronto Blue Jays : RHP Chi Chi Gonzalez
Now at 1B: Spencer Kieboom
Now at 3B: Nick Maton
Batting: RHB Kurt Suzuki 0-0: Ball
1-0: Foul Ball, location: 2F
1-1: Ball
2-1: SOLO HOME RUN (Flyball, 9D, EV 105.0 MPH), Distance : 382 ft
Batting: SHB Freddy Galvis 0-0: Foul Ball, location: 2F
0-1: Ball
1-1: Ball
2-1: Foul Ball, location: 2F
2-2: Foul Ball, location: 2F
2-2: Strikes out swinging
Pinch Hitting: SHB Wilmer Difo 0-0: Fly out, F8 (Line Drive, 8LD, EV 87.5 MPH)
Pinch Hitting: RHB Micker Adolfo 0-0: Called Strike
0-1: Called Strike
0-2: Ball
1-2: Fly out, F7 (Flyball, 7LD, EV 94.4 MPH)
Top of the 7th over - 1 run, 1 hit, 0 errors, 0 left on base; Oakland 3 - Toronto 6
BOTTOM OF THE 7TH
Toronto Blue Jays batting - Pitching for Oakland Athletics : LHP Aaron Bummer
Pitching: RHP Devin Williams
Now at 2B: Wilmer Difo
Now in LF: Micker Adolfo
Batting: RHB Mauricio Dubon 0-0: Foul Ball, location: 2F
0-1: Ground out 5-3 (Groundball, 5L, EV 89.4 MPH)
Pinch Hitting: RHB Jorge Soler 0-0: Ball
1-0: Ball
2-0: Ball
3-0: Called Strike
3-1: Called Strike
3-2: Strikes out swinging
Pinch Hitting: RHB Keon Broxton 0-0: Ball
1-0: Ball
2-0: Ball
3-0: Called Strike
3-1: Base on Balls
Batting: RHB Yusniel Diaz 0-0: Called Strike
0-1: Ball
1-1: Foul Ball, location: 2F
1-2: Ball
2-2: Ball
3-2: Strikes out looking
Bottom of the 7th over - 0 runs, 0 hits, 0 errors, 1 left on base; Oakland 3 - Toronto 6
TOP OF THE 8TH
Oakland Athletics batting - Pitching for Toronto Blue Jays : RHP Chi Chi Gonzalez
Pitching: RHP Trevor Rosenthal
Now in LF: Jorge Soler
Now in CF: Keon Broxton
Batting: LHB Joey Votto 0-0: Ball
1-0: Called Strike
1-1: Ball
2-1: Ball
3-1: Called Strike
3-2: Foul Ball, location: 2F
3-2: Base on Balls
Batting: RHB Myles Straw 0-0: Ball
1-0: Ball
2-0: Ball
3-0: Base on Balls
Joey Votto to second
Pinch Hitting: RHB Marcus Wilson 0-0: Ball
1-0: Swinging Strike
1-1: Called Strike
1-2: Ball
2-2: Strikes out swinging
Batting: RHB Ramon Laureano 0-0: Ball
1-0: Called Strike
1-1: Ball
2-1: Ball
3-1: Called Strike
3-2: Foul Ball, location: 2F
3-2: Foul Ball, location: 2F
3-2: Base on Balls
Joey Votto to third
Myles Straw to second
Batting: RHB Yandy Diaz 0-0: Called Strike
0-1: Foul Ball, location: 2F
0-2: Strikes out swinging
Pitching: RHP JC Ramirez
Batting: RHB Kurt Suzuki 0-0: Foul Ball, location: 2F
0-1: Fielders Choice at 2nd, 5-4 (Groundball, 56, EV 82.5 MPH)
Top of the 8th over - 0 runs, 0 hits, 0 errors, 3 left on base; Oakland 3 - Toronto 6
BOTTOM OF THE 8TH
Toronto Blue Jays batting - Pitching for Oakland Athletics : RHP Devin Williams
Pitching: RHP Michael Feliz
Now in CF: Marcus Wilson
Batting: RHB Andy Ibanez 0-0: Called Strike
0-1: Ball
1-1: Foul Ball, location: 2F
1-2: Foul Ball, location: 2F
1-2: Ball
2-2: Foul Ball, location: 2F
2-2: Fly out, F2 (Popup, 2LF, EV 95.6 MPH)
Batting: RHB Calten Daal 0-0: Called Strike
0-1: Ball
1-1: Foul Ball, location: 2F
1-2: Strikes out swinging
Batting: RHB Spencer Kieboom 0-0: Ball
1-0: Swinging Strike
1-1: Swinging Strike
1-2: Foul Ball, location: 2F
1-2: Ball
2-2: Strikes out looking
Bottom of the 8th over - 0 runs, 0 hits, 0 errors, 0 left on base; Oakland 3 - Toronto 6
TOP OF THE 9TH
Oakland Athletics batting - Pitching for Toronto Blue Jays : RHP JC Ramirez
Pitching: RHP Andres Munoz
Batting: SHB Freddy Galvis 0-0: Swinging Strike
0-1: Foul Ball, location: 2F
0-2: Strikes out swinging
Batting: SHB Wilmer Difo 0-0: Ball
1-0: Called Strike
1-1: Swinging Strike
1-2: Strikes out swinging
Batting: RHB Micker Adolfo 0-0: Called Strike
0-1: Ball
1-1: Swinging Strike
1-2: Foul Ball, location: 2F
1-2: Strikes out swinging passed ball, reaches first!
Batting: LHB Joey Votto 0-0: Foul Ball, location: 2F
0-1: Ball
1-1: Ball
2-1: Ball
3-1: Foul Ball, location: 2F
3-2: Base on Balls
Micker Adolfo to second
Batting: RHB Myles Straw 0-0: Ball
1-0: Called Strike
1-1: Foul Ball, location: 2F
1-2: SINGLE (Groundball, 56D, EV 101.9 MPH)
Micker Adolfo to third
Joey Votto to second
Batting: RHB Marcus Wilson 0-0: Ball
1-0: Foul Ball, location: 2F
1-1: Foul Ball, location: 2F
1-2: Ball
2-2: Foul Ball, location: 2F
2-2: Ball
3-2: Foul Ball, location: 2F
3-2: Base on Balls
Micker Adolfo scores
Joey Votto to third
Myles Straw to second
Pitching: RHP Dauris Valdez
Batting: RHB Ramon Laureano 0-0: Called Strike
0-1: Ball
Wild Pitch!
Joey Votto scores
Myles Straw to third
Marcus Wilson to second
1-1: Swinging Strike
1-2: Strikes out swinging
Top of the 9th over - 2 runs, 1 hit, 0 errors, 2 left on base; Oakland 5 - Toronto 6
Thursday, May 7th, 2020 - OOTP Baseball 21.3 Build 48